Match 34537252
Unlisted

Match 34537252
End
Construct Infanterie Kompanie
Kettenkrad Recon Vehicle
Selects Mechanized Battlegroup
MG 42 Machine Gun Team
Grenadier Squad
GrW 34 Mortar Team
Infanterie Officer Quarters
Grenadier Squad
Construct Panzergrenadier Kompanie
Medical Bunker
Selects Spotting Scopes
Pak 40 Anti-tank Gun Team
Panzergrenadier Squad
Panzergrenadier Squad
Support Elements
StuG III G Assault Gun
Nebelwerfer 42 Rocket Launcher Team
Selects Wespe Self-propelled Artillery
Wespe Self-propelled Artillery
Pak 40 Anti-tank Gun Team
Panzergrenadier Officer Quarters
Construct Panzer Kompanie
Selects Raid Package
Selects StuG Assault Group
Selects UNKNOWN (2160084)
Panther Heavy Tank
Kettenkrad Recon Vehicle
Selects Zeroing Artillery Barrage
Zeroing Artillery Barrage
MG 42 Bunker
Wespe Self-propelled Artillery
Zeroing Artillery Barrage
MG 42 Bunker
Zeroing Artillery Barrage
Medical Bunker
MG 42 Bunker
Kettenkrad Recon Vehicle
Zeroing Artillery Barrage
WonDrak CZ
Gnome1158
Burrito
ApexPredator
Gabe_Real
Bish Bash Bosh
Turtleboy
Jackson
0
0

Comments sign in to comment!

No comments posted yet!